[Event "*** MasterClass Titled Tuesday Blitz"]
[Site "Chess.com"]
[Date "2017.12.12"]
[Round "2"]
[White "sandager"]
[Black "BillCoe"]
[Result "1-0"]
[WhiteElo "1981"]
[BlackElo "1899"]
[TimeControl "180+2"]
[EndTime "13:21:54 PST"]
[Termination "sandager won by resignation"]

1. e4 c5 2. Nf3 e6 3. d4 cxd4 4. Nxd4 a6 5. Nc3 Qc7 6. Bd3 Nf6 7. O-O Be7 8. Be3 d6 9. f4 Nbd7 10. Qe1 b5 11. a3 Bb7 12. Kh1 Nc5 13. Bg1 Nxd3 14.
cxd3 d5 15. Rc1 Qd7 16. e5 Ng4 17. Qg3 h5 18. h3 g6 19. hxg4 hxg4+ 20. Bh2 Bh4 21.
Qxg4 Ke7 22. Kg1 Rag8 23. g3 f5 24. Qe2 g5 25. gxh4 Rxh4 26. Kh1 Rgh8 27. Nf3 d4 28. Ne4 fxe4 29. dxe4 Rxf4 30. Nxg5 Rxf1+ 31. Rxf1 Kd8 32. Nf7+ 1-0

[Event "*** MasterClass Titled Tuesday Blitz"]
[Site "Chess.com"]
[Date "2017.12.12"]
[Round "2"]
[White "GMMarcinDziuba"]
[Black "Salem-AR"]
[Result "0-1"]
[WhiteElo "2523"]
[BlackElo "2834"]
[TimeControl "180+2"]
[EndTime "13:21:59 PST"]
[Termination "Salem-AR won by resignation"]

1. d4 Nf6 2. c4 g6 3. g3 Bg7 4. Bg2 d5 5. cxd5 Nxd5 6. Nf3 Nb6 7.
O-O Nc6 8. e3 O-O 9. Nc3 Re8 10.
Re1 a5 11. h3 a4 12. a3 Bd7 13. e4 Na5 14. Bf4 Nb3 15. Rb1 c5 16. dxc5 Nxc5 17.
Qe2 Qc8 18. Kh2 Be6 19. Nd2 Rd8 20. Qb5 Nd3 21. Qxb6 Nxf4 22. gxf4 Rxd2 23. e5 Bh6 24. Qe3 Qc4 25. Ne4 Rd3 26. Qb6 Bxf4+ 27. Kg1 Bxh3 28.
Qxb7 Re8 29. Bxh3 Rxh3 30. Qd7 Qc8 31. Qxc8 Rxc8 32. Nc3 Bd2 33. Re4 Bxc3 34. bxc3 Rcxc3 35. Rxa4 Rxa3 36. Rb8+ Kg7 37. Rf4 Rhf3 38. Rc4 Ra2 39. Rc7 e6 40. Re8 Rfxf2 41. Rxe6 Rg2+ 42. Kh1 Rge2 0-1

[Event "*** MasterClass Titled Tuesday Blitz"]
[Site "Chess.com"]
[Date "2017.12.12"]
[Round "2"]
[White "marreta84"]
[Black "cheese111"]
[Result "0-1"]
[WhiteElo "2316"]
[BlackElo "2410"]
[TimeControl "180+2"]
[EndTime "13:22:06 PST"]
[Termination "cheese111 won by resignation"]

1. d4 d5 2. Nf3 Nf6 3. g3 e6 4. Bg2 b5 5. O-O Bb7 6. b3 Nbd7 7. Nbd2 c5 8. Bb2 Bd6 9. c4 bxc4 10. bxc4 O-O 11. cxd5 Bxd5 12. Re1 Rb8 13. Qc2 Qb6 14.
Ba3 cxd4 15. Rab1 Qa6 16. Bxd6 Qxd6 17. Qa4 e5 18. Rec1 Rxb1 19. Rxb1 Rb8 20. Rc1 h6 21. h3 Rb2 22. Rc2 Rxc2 23. Qxc2 Qc5 24. Qb2 Qc3 25. Qb1 e4 26. Nxd4 Qxd4 27. Nb3 Qb4 28. Qc2 a5 29. e3 a4 30. Nd4 a3 31. Qc8+ Kh7 32. Nf5 Bxa2 33.
g4 Be6 34. Nd4 a2 0-1

[Event "*** MasterClass Titled Tuesday Blitz"]
[Site "Chess.com"]
[Date "2017.12.12"]
[Round "2"]
[White "ristingho"]
[Black "SharkAnto55"]
[Result "0-1"]
[WhiteElo "2323"]
[BlackElo "2364"]
[TimeControl "180+2"]
[EndTime "13:22:06 PST"]
[Termination "SharkAnto55 won by resignation"]

1. d4 Nf6 2. Bg5 Ne4 3. Bf4 c5 4. f3 Nf6 5. dxc5 b6 6. Nc3 bxc5 7. e4 Nc6 8. Qd2 g6 9. g4 d6 10. Bb5 Bd7 11. g5 Nh5 12. Be3 Bg7 13. Nge2 Rb8 14.
O-O O-O 15. b3 Rxb5 16. Nxb5 Bxa1 17. Rxa1 Ne5 18. Kf2 Bxb5 19. c4 Bc6 20. Ng3 Ng7 21.
Rd1 f6 22. gxf6 Rxf6 23. Bf4 Nxf3 24. Kxf3 Ne6 25. Ne2 Nxf4 26. Nxf4 e5 27. Kg2 Bxe4+ 28. Kg1 Rxf4 0-1

[Event "*** MasterClass Titled Tuesday Blitz"]
[Site "Chess.com"]
[Date "2017.12.12"]
[Round "2"]
[White "Hanging_pointer"]
[Black "BilodeauA"]
[Result "0-1"]
[WhiteElo "2289"]
[BlackElo "2739"]
[TimeControl "180+2"]
[EndTime "13:22:22 PST"]
[Termination "BilodeauA won by resignation"]

1. e4 c5 2. Nf3 Nc6 3. d4 cxd4 4.
Nxd4 Nf6 5. Nc3 d6 6. Bg5 e6 7.
Qd2 a6 8. O-O-O Bd7 9. f4 b5 10. Bxf6 gxf6 11. Kb1 Qb6 12. Nxc6 Bxc6 13. f5 h5 14. Bd3 Bh6 15. Qe1 Bf4 16. Rf1 Be5 17.
Ne2 Ke7 18. Qh4 Rag8 19. Qh3 Rg4 20. Qf3 Rhg8 21. g3 h4 22. h3 Rxg3 23. Nxg3 Rxg3 24. Qh5 Qd4 25. c3 Qe3 26. fxe6 fxe6 27. Qh7+ Kd8 28.
Qh8+ Kc7 29. Qxh4 Rxh3 30. Qg4 Kd7 31. Qg7+ Kc8 32. Qg8+ Kb7 33. Qxe6 Bxe4 34. Qd7+ Kb6 35. Qd8+ Ka7 36. Qc7+ Bb7 37. Rg1 Qb6 38. Qd7 Rxd3 39.
Rxd3 Qxg1+ 40. Kc2 Qg2+ 41. Kb3 f5 42. Rd1 f4 43.
Qh7 f3 44. Qd3 f2 45. Qe3+ Ka8 46. Rd2 0-1

[Event "*** MasterClass Titled Tuesday Blitz"]
[Site "Chess.com"]
[Date "2017.12.12"]
[Round "2"]
[White "misha_chessone"]
[Black "Kawhi_Leonard2"]
[Result "1-0"]
[WhiteElo "2404"]
[BlackElo "2252"]
[TimeControl "180+2"]
[EndTime "13:22:34 PST"]
[Termination "misha_chessone won by resignation"]

1. e4 c5 2. Nc3 Nc6 3. f4 g6 4. Nf3 Bg7 5. Bc4 e6 6. d3 Nge7 7. a3 d5 8. Ba2 dxe4 9. Nxe4 b6 10. h4 h5 11. Nfg5 Nf5 12. c3 O-O 13. g4 hxg4 14. h5 gxh5 15. Rxh5 Ba6 16. Qxg4 Qxd3 17. Rh1 Rfd8 18.
Bd2 Ne3 19. Qh5 Nc2+ 20. Kf2 Qe2+ 21. Qxe2 Bxe2 22. Kxe2 Nxa1 23. Rxa1 Ne7 24. Ng3 Rd6 25.
Rg1 Nd5 26. N5e4 Rdd8 27. Nh5 f5 28. Nxg7 fxe4 29. Nxe6+ Kf7 30. Nxd8+ Rxd8 31. Rg5 Ke6 32. Re5+ 1-0

[Event "*** MasterClass Titled Tuesday Blitz"]
[Site "Chess.com"]
[Date "2017.12.12"]
[Round "2"]
[White "jefferyx"]
[Black "Keaton87"]
[Result "1-0"]
[WhiteElo "2762"]
[BlackElo "2514"]
[TimeControl "180+2"]
[EndTime "13:22:36 PST"]
[Termination "jefferyx won by resignation"]

1. e4 c5 2. Nf3 e6 3. Be2 d5 4. exd5 exd5 5. d4 Nf6 6. O-O Nc6 7. Nc3 Be7 8. dxc5 Bxc5 9. Bg5 Be6 10. Nb5 O-O 11. Nbd4 Re8 12. c3 Bg4 13. Re1 a6 14. Qd3 h6 15. Bh4 Be7 16. Nxc6 bxc6 17. Nd4 Bd7 18.
Bf3 Ne4 19. Bxe7 Qxe7 20. b4 a5 21. b5 cxb5 22. Nxb5 Qc5 23. Nd4 Nxc3 24. Rec1 Rac8 25. a3 a4 26. Rc2 Qa5 27. Qd2 Rc5 28. Rac1 Rec8 29. h3 Be6 30. Kh1 R8c7 31. Qf4 Rc8 32. Qd6 Ne4 33. Bxe4 dxe4 34. Rxc5 1-0

[Event "*** MasterClass Titled Tuesday Blitz"]
[Site "Chess.com"]
[Date "2017.12.12"]
[Round "2"]
[White "FMJoseHerrera"]
[Black "RoelandPruijssers"]
[Result "1-0"]
[WhiteElo "2446"]
[BlackElo "2444"]
[TimeControl "180+2"]
[EndTime "13:22:36 PST"]
[Termination "FMJoseHerrera won by resignation"]

1. Nf3 Nf6 2. g3 g6 3. Bg2 Bg7 4. d3 O-O 5. Nc3 d6 6. e4 c5 7.
Be3 Nc6 8. Qd2 Ng4 9. h4 Nxe3 10.
fxe3 Bg4 11. O-O Bxf3 12. Rxf3 Ne5 13. Rff1 e6 14. Nd1 d5 15. exd5 exd5 16. d4 Nc4 17.
Qf2 Rc8 18. c3 Qd7 19. Kh2 b6 20. h5 Rce8 21. b3 Na5 22. Nb2 Nc6 23. Nd3 Qg4 24. Bf3 Qg5 25. Nf4 Ne7 26. Rae1 Nf5 27. Bxd5 gxh5 28. Nh3 Qd8 29. Qxf5 h6 30. Qxh5 Kh8 31. Nf4 cxd4 32. exd4 Rxe1 33. Rxe1 b5 34. Bxf7 Kh7 35. Qf5+ 1-0

[Event "*** MasterClass Titled Tuesday Blitz"]
[Site "Chess.com"]
[Date "2017.12.12"]
[Round "2"]
[White "NewBornNow"]
[Black "bascheyaro"]
[Result "0-1"]
[WhiteElo "2589"]
[BlackElo "2643"]
[TimeControl "180+2"]
[EndTime "13:22:39 PST"]
[Termination "bascheyaro won by resignation"]

1. e4 e6 2. d3 d5 3. Nd2 c5 4. Ngf3 Nc6 5. g3 Nf6 6. Bg2 Bd6 7. O-O O-O 8. Re1 Bc7 9. c3 b6 10. a3 dxe4 11. dxe4 Bb7 12. Qc2 Qe7 13. e5 Nd7 14.
Nc4 b5 15. Bg5 Qe8 16. Nd6 Bxd6 17. exd6 f6 18. Be3 Qf7 19. a4 a6 20. axb5 axb5 21.
Qb3 b4 22. cxb4 Nxb4 23. Rxa8 Rxa8 24. Ng5 fxg5 25. Bxb7 Rb8 26. Bg2 Nd5 27. Qa3 Nxe3 28. Qxe3 Rxb2 29. Bh3 Nf8 30. Qxc5 Rd2 31. Rb1 h6 32.
Bg4 Kh7 33. Kg2 Nd7 34. Qe3 Rxd6 35. Rb7 Qg6 36. Bf3 Nf6 37. Qe5 g4 38. Qxd6 gxf3+ 39. Kg1 Qc2 40. h3 Qc1+ 41. Kh2 Qf1 42. Rxg7+ Kxg7 43. Qc7+ Kg6 44. Qc2+ Kh5 45. Qc5+ Nd5 46. g4+ Kh4 0-1

[Event "*** MasterClass Titled Tuesday Blitz"]
[Site "Chess.com"]
[Date "2017.12.12"]
[Round "2"]
[White "Alliswell998"]
[Black "FrankieJay"]
[Result "1-0"]
[WhiteElo "2343"]
[BlackElo "2335"]
[TimeControl "180+2"]
[EndTime "13:22:39 PST"]
[Termination "Alliswell998 won by resignation"]

1. e4 c5 2. Nc3 Nc6 3. f4 g6 4. Nf3 Bg7 5. Bb5 Nd4 6. O-O Nxb5 7. Nxb5 d5 8. exd5 a6 9. Nc3 Nf6 10. d4 c4 11. Qe2 Nxd5 12. Qxc4 Be6 13. Nxd5 Bxd5 14.
Qd3 Bxf3 15. Qxf3 Qxd4+ 16. Kh1 Rb8 17. c3 Qb6 18. Re1 O-O 19. Re2 Rfd8 20. Be3 Qb5 21. Rae1 Rd7 22. Bf2 e6 23. a3 Rbd8 24. Bh4 Rc8 25.
h3 Rd3 26. Qe4 Qc4 27. Qxb7 Bh6 28. Bg5 Bxg5 29. fxg5 Rcd8 30. Rf2 R3d7 31. Qf3 Qb5 32. Qf6 Qc6 33. Ref1 Rb8 34. h4 Rb5 35. h5 Qe4 36.
Rf4 Qe2 37. h6 1-0

[Event "*** MasterClass Titled Tuesday Blitz"]
[Site "Chess.com"]
[Date "2017.12.12"]
[Round "2"]
[White "nicegg"]
[Black "GM-2023"]
[Result "0-1"]
[WhiteElo "1977"]
[BlackElo "2039"]
[TimeControl "180+2"]
[EndTime "13:22:44 PST"]
[Termination "GM-2023 won on time"]

1. e4 e5 2. f4 exf4 3. Qf3 g5 4. h4 Be7 5. hxg5 Bxg5 6. Ne2 Nc6 7. d4 Nf6 8. e5 Ng8 9. Bxf4 d6 10. exd6 Bxf4 11.
Qxf4 Qxd6 12. Qxd6 cxd6 13. Nbc3 Bf5 14. O-O-O Nb4 15.
Ng3 Bxc2 16. Re1+ Kd8 17. Kd2 Bg6 18. Bb5 Nf6 19. a3 Nbd5 20. Rhf1 a6 21. Bc4 Nxc3 22. bxc3 d5 23. Rxf6 dxc4 24. Nf5 Re8 25. Re5 Rxe5 26. dxe5 Bxf5 27. Rxf5 Ke7 28. Rh5 Rd8+ 0-1

[Event "*** MasterClass Titled Tuesday Blitz"]
[Site "Chess.com"]
[Date "2017.12.12"]
[Round "2"]
[White "ENEASZ"]
[Black "evgenysharapov"]
[Result "1/2-1/2"]
[WhiteElo "2401"]
[BlackElo "2323"]
[TimeControl "180+2"]
[EndTime "13:22:47 PST"]
[Termination "Game drawn by agreement"]

1. e4 c5 2. c3 Nf6 3. e5 Nd5 4. d4 cxd4 5. Nf3 Nc6 6. Bc4 Nb6 7. Bb3 d5 8. exd6 exd6 9. O-O Be7 10. Nxd4 O-O 11.
Bf4 d5 12. Nxc6 bxc6 13. Bc2 Bf6 14. Re1 Be6 15. Qd3 g6 16. Bh6 Re8 17. Na3 Bg7 18.
Bxg7 Kxg7 19. Rad1 Qf6 20. Qd2 Re7 21. Re3 Rae8 22.
Rde1 Bd7 23. Rxe7 Rxe7 24. Rxe7 Qxe7 25. b4 Qe5 26. Qd4 Qxd4 27. cxd4 Kf6 28. f3 Bf5 29. Bd1 Nc4 30. Nc2 Bxc2 31. Bxc2 Na3 32. Bd3 Nb5 33. Bxb5 cxb5 34. Kf2 Kf5 35. Ke3 h5 36. g3 g5 37. h3 Kg6 38. g4 1/2-1/2

[Event "*** MasterClass Titled Tuesday Blitz"]
[Site "Chess.com"]
[Date "2017.12.12"]
[Round "2"]
[White "rubhani"]
[Black "pKiLz5Rn9b"]
[Result "1-0"]
[WhiteElo "2364"]
[BlackElo "2610"]
[TimeControl "180+2"]
[EndTime "13:22:55 PST"]
[Termination "rubhani won by resignation"]

1. Nf3 Nf6 2. d4 e6 3. c4 b6 4. Nc3 Bb7 5. Bf4 g6 6. e3 Bg7 7. Be2 O-O 8. O-O d5 9. cxd5 exd5 10. Rc1 c6 11. h3 Qe7 12. Ne5 Nbd7 13. Nxd7 Nxd7 14. Qb3 Rfd8 15. Rfe1 Rac8 16. Qa4 a5 17. a3 Ra8 18. Qb3 Rdc8 19. Bf3 b5 20. e4 dxe4 21. Nxe4 Bxd4 22. Nd6 Qf6 23. Nxc8 Rxc8 24. Be3 Bxb2 25.
Rcd1 Ne5 26. Be4 Nc4 27. Bc5 a4 28. Qd3 Bc3 29. Re2 Nb2 30. Qd7 Nxd1 31. Qxb7 Re8 32. Bxc6 Rd8 33. Be7 Qf4 34. Bxd8 Qc1 35. Kh2 Be5+ 36. g3 Nxf2 37. Rxf2 Qe3 38. Qxf7+ 1-0

[Event "*** MasterClass Titled Tuesday Blitz"]
[Site "Chess.com"]
[Date "2017.12.12"]
[Round "2"]
[White "Alex_Banzea"]
[Black "1random"]
[Result "0-1"]
[WhiteElo "2210"]
[BlackElo "2139"]
[TimeControl "180+2"]
[EndTime "13:22:57 PST"]
[Termination "1random won by resignation"]

1. e4 d5 2. exd5 Nf6 3. Nc3 Nxd5 4. Nf3 Bg4 5. Be2 Nf4 6. O-O Nxe2+ 7. Qxe2 c6 8. h3 Bxf3 9. Qxf3 e6 10. Ne4 Be7 11.
Rd1 O-O 12. d4 Nd7 13. c4 Qa5 14. Bd2 Qb6 15. Bc3 Nf6 16. Ng3 Qc7 17. Rd2 a5 18.
Rad1 a4 19. Ne2 b5 20. b3 axb3 21. axb3 Ra3 22. Bb2 Ra2 23. Nf4 Qb6 24. Nd3 Rfa8 25. g3 h6 26. Kg2 R8a6 27. Bc3 bxc4 28. bxc4 Rxd2 29. Rxd2 Qb3 30. Ne5 Ra3 31. Rd3 Bf8 32. Qxc6 Qc2 33. Qf3 Bd6 34. Bd2 Ra1 35. Rc3 Qxd2 36.
Qe3 Qxe3 37. Rxe3 Bxe5 38. Rxe5 Rd1 39. d5 exd5 40. cxd5 Rxd5 41. Re7 Rd7 42. Re1 g5 43. Re5 Kg7 44. Re1 Kg6 45. Re5 Rd2 46. Re1 Ra2 47.
Kf3 h5 48. Re5 g4+ 49. hxg4 Rxf2+ 0-1

[Event "*** MasterClass Titled Tuesday Blitz"]
[Site "Chess.com"]
[Date "2017.12.12"]
[Round "2"]
[White "nurmiTV"]
[Black "gammagramma"]
[Result "0-1"]
[WhiteElo "2451"]
[BlackElo "2453"]
[TimeControl "180+2"]
[EndTime "13:22:59 PST"]
[Termination "gammagramma won by resignation"]

1. c4 e5 2. Nc3 Nc6 3. g3 d6 4. Bg2 f5 5. e3 h5 6. h4 g6 7.
Nge2 Nf6 8. d4 Bg7 9. b3 O-O 10.
Bb2 Re8 11. Qd2 exd4 12. Nxd4 Nxd4 13. Qxd4 Ne4 14. Qd3 c6 15. Rd1 Qa5 16. Rc1 Nxc3 17. Bxc3 Bxc3+ 18. Qxc3 Qxc3+ 19. Rxc3 Be6 20. O-O Kf7 21.
Rd1 Ke7 22. b4 a5 23. b5 Rec8 24. bxc6 bxc6 25. Rb1 Rab8 26. Rcb3 Rxb3 27. axb3 c5 28. Ra1 Rb8 29. Ra3 a4 30. bxa4 Bxc4 31. a5 Ba6 32. e4 Rb1+ 33. Kh2 Rb2 34. exf5 gxf5 35. Kg1 c4 36. Bf1 d5 37. Re3+ Kd6 38. Rf3 Rb1 39. Kg2 Bc8 40. Be2 Kc5 41. Rc3 Ba6 42. Bxh5 d4 43. Rc2 d3 44. Rd2 c3 45. Rd1 Rxd1 46.
Bxd1 c2 0-1

[Event "*** MasterClass Titled Tuesday Blitz"]
[Site "Chess.com"]
[Date "2017.12.12"]
[Round "2"]
[White "platy3"]
[Black "Parhamov"]
[Result "1-0"]
[WhiteElo "2570"]
[BlackElo "2756"]
[TimeControl "180+2"]
[EndTime "13:23:05 PST"]
[Termination "platy3 won by resignation"]

1. e4 g6 2. d4 Bg7 3. Nc3 d6 4. f4 a6 5. a4 Nc6 6. Be3 Nf6 7.
Nf3 Bg4 8. Be2 O-O 9. O-O Nd7 10. e5 Nb4 11. h3 Bf5 12. Ne1 c5 13. g4 cxd4 14.
Qxd4 Nxc2 15. Nxc2 Bxc2 16. Qd2 Bb3 17. Ra3 Be6 18.
f5 Nxe5 19. fxe6 fxe6 20. Raa1 d5 21. Rxf8+ Qxf8 22. Rf1 Qd8 23. Bd4 Qd6 24. Kg2 Rc8 25. Qe3 Nd7 26. Bxg7 Kxg7 27. Qd4+ Qe5 28. Qxe5+ Nxe5 29. Rf4 a5 30. g5 h6 31. gxh6+ Kxh6 32. Kf2 g5 33. Rd4 Ng6 34. Bg4 Rc6 35. Rd2 Nf4 36. Kf3 Ng6 37. Re2 d4 38. Nb5 e5 39.
Ke4 e6 40. Rf2 Kg7 41. Na7 Rc1 42. Bxe6 Re1+ 43. Kf5 e4 44. Kxg5 Rg1+ 45. Kh5 e3 46. Rf7+ Kh8 47. Kh6 Kg8 48. Rf1+ Kh8 49. Rxg1 Ne7 50.
Rg7 1-0

[Event "*** MasterClass Titled Tuesday Blitz"]
[Site "Chess.com"]
[Date "2017.12.12"]
[Round "2"]
[White "Rsnr"]
[Black "ST-Sandavagur"]
[Result "0-1"]
[WhiteElo "2622"]
[BlackElo "2507"]
[TimeControl "180+2"]
[EndTime "13:23:05 PST"]
[Termination "ST-Sandavagur won by resignation"]

1. d4 Nf6 2. c4 g6 3. g3 Bg7 4. Bg2 O-O 5. Nf3 d6 6. O-O Nc6 7. Nc3 Bg4 8. d5 Na5 9. Nd2 c5 10. h3 Bd7 11. Qc2 a6 12. b3 b5 13.
Bb2 Ne8 14. Rab1 Nc7 15. Nd1 Bxb2 16. Nxb2 Rb8 17. Nd3 e6 18. e4 f5 19. exf5 Rxf5 20. Nf4 exd5 21. Nxd5 Ne6 22. Rbe1 Rf7 23. Ne4 Nd4 24.
Qc3 b4 25. Qd3 Bf5 26. g4 Bxe4 27. Qxe4 Nac6 28. f4 Qh4 29. Re3 Rbf8 30. Rfe1 g5 31. Rf1 gxf4 32. Rxf4 Ne5 33. Rxf7 Rxf7 34. Nf4 Qf6 35.
Qa8+ Rf8 36. Bd5+ Kh8 0-1

[Event "*** MasterClass Titled Tuesday Blitz"]
[Site "Chess.com"]
[Date "2017.12.12"]
[Round "2"]
[White "chessking2151"]
[Black "TST2014"]
[Result "0-1"]
[WhiteElo "2356"]
[BlackElo "2260"]
[TimeControl "180+2"]
[EndTime "13:23:05 PST"]
[Termination "TST2014 won by resignation"]

1. e4 c5 2. Nf3 Nc6 3. Bb5 g6 4. Bxc6 dxc6 5. d3 Bg7 6. h3 Nf6 7. Nc3 O-O 8. O-O b6 9. Bf4 Nd7 10. e5 Re8 11. Re1 Nf8 12. Ne4 Ne6 13. Bg3 f5 14. Neg5 h6 15. Nxe6 Bxe6 16. h4 Kh7 17. Qe2 Bd5 18. Bf4 Bxf3 19. Qxf3 e6 20. Qxc6 Qxh4 21. g3 Qh3 22. a4 g5 23. Bd2 f4 24.
gxf4 gxf4 25. Bxf4 Rg8 26. Bg3 Raf8 27. Qg2 Qh5 28. Re4 Rf5 29. Rae1 Bh8 30. Qh2 Qf7 31. Rh4 Rg6 32. Rhe4 Bg7 33. b4 cxb4 34. Kh1 a5 35. Rh4 Rfg5 36. Qg2 Bxe5 37. Re3 Bxg3 38.
fxg3 Rf5 39. Re2 Rf3 40. Kh2 Rgf6 41. Rf4 R6xf4 42. gxf4 Qxf4+ 43. Kh1 Rf1+ 0-1

[Event "*** MasterClass Titled Tuesday Blitz"]
[Site "Chess.com"]
[Date "2017.12.12"]
[Round "2"]
[White "AndreyOstrovskiy"]
[Black "wonderfultime"]
[Result "0-1"]
[WhiteElo "2507"]
[BlackElo "2716"]
[TimeControl "180+2"]
[EndTime "13:23:10 PST"]
[Termination "wonderfultime won by resignation"]

1. e4 e6 2. d4 d5 3. Nc3 Bb4 4. e5 c5 5. a3 Bxc3+ 6. bxc3 Qa5 7. Bd2 Qa4 8. Qg4 Kf8 9. Qd1 b6 10. h4 Ba6 11. Bxa6 Qxa6 12. h5 h6 13. Nf3 Ne7 14. a4 Nbc6 15. Qe2 Qxe2+ 16. Kxe2 cxd4 17. cxd4 Kg8 18. g4 Kh7 19. g5 Nf5 20. Kd3 Rac8 21. Rag1 Rhf8 22. Rg4 Rc7 23. Rhg1 Rfc8 24. c3 Nce7 25. gxh6 gxh6 26. Nh2 Rg8 27. R4g2 Rxg2 28. Rxg2 Rc4 29.
Ng4 Ng8 30. Rg1 Rxa4 31. Rb1 Ra2 32. Rb4 Ng7 33. c4 Ra3+ 34. Ke2 dxc4 35. Rxc4 Nxh5 36. Rc7 Kg6 37. d5 exd5 38. Ne3 Nf4+ 39. Kf3 Ne6 40. Kg4 Nxc7 0-1

[Event "*** MasterClass Titled Tuesday Blitz"]
[Site "Chess.com"]
[Date "2017.12.12"]
[Round "2"]
[White "Vincent_Vega95"]
[Black "Annawel"]
[Result "1/2-1/2"]
[WhiteElo "2561"]
[BlackElo "2745"]
[TimeControl "180+2"]
[EndTime "13:23:18 PST"]
[Termination "Game drawn by repetition"]

1. Nf3 Nf6 2. c4 b6 3. g3 Bb7 4. Bg2 g6 5. O-O Bg7 6. Nc3 O-O 7. d4 Ne4 8. Qc2 Nxc3 9. Qxc3 c5 10. Be3 Nc6 11.
Rfd1 Rc8 12. Rac1 Nxd4 13. Nxd4 Bxg2 14. Kxg2 Qc7 15. Qd3 cxd4 16. Bxd4 Bxd4 17. Qxd4 d6 18. b3 Qb7+ 19. f3 Rc5 20. a4 Rfc8 21. e4 a6 22. Ra1 Qd7 23. Rd2 Qe6 24. h4 b5 25.
cxb5 axb5 26. Rb1 bxa4 27. bxa4 Rc4 28. Qa1 Rc2 29. Rb2 Rc1 30. Rb1 R1c2 31. Rb2 Rxd2+ 32. Rxd2 Qc4 33. a5 Ra8 34. Ra2 Ra6 35. Qb2 f6 36. Ra1 Kf7 37. Qb7 Qe2+ 38. Kh3 h5 39. Qd5+ Kg7 40. Qb7 Kf7 41. Qd5+ Kg7 42. Qb7 Kf7 43.
Qd5+ Kg7 44. Qb7 Kf7 45. Qd5+ 1/2-1/2

[Event "*** MasterClass Titled Tuesday Blitz"]
[Site "Chess.com"]
[Date "2017.12.12"]
[Round "2"]
[White "calemcc"]
[Black "grzechu96"]
[Result "0-1"]
[WhiteElo "2271"]
[BlackElo "2430"]
[TimeControl "180+2"]
[EndTime "13:23:18 PST"]
[Termination "grzechu96 won by resignation"]

1. d4 Nf6 2. c4 g6 3. f3 d5 4. cxd5 Nxd5 5. e4 Nb6 6. Nc3 Bg7 7. Be3 O-O 8. Qd2 e5 9. O-O-O exd4 10. Bxd4 Qxd4 11. Qxd4 Bxd4 12. Rxd4 Nc6 13. Rd2 Be6 14. Bb5 Ne5 15. Nge2 c6 16. Bd3 Nbc4 17. Bxc4 Nxc4 18. Rd3 Rfd8 19. Rhd1 Rxd3 20. Rxd3 Kf8 21. Nf4 Ke7 22.
Nce2 Ne5 23. Rc3 Bc4 24. b3 Ba6 25. Kd2 Rd8+ 26. Ke3 Rd1 27. a4 f6 28. Kf2 Rd2 29. Ke3 Rb2 30. Nc1 Bf1 31. h4 Bxg2 32. Nxg2 Rxg2 33. f4 Rg3+ 34. Kd2 Rxc3 35. Kxc3 Nf3 36. h5 gxh5 37. Ne2 h4 38. Kd3 h3 39. Ke3 h2 40. Ng3 Ne1 41. Kf2 Nd3+ 42. Kg2 Nxf4+ 43. Kxh2 Nd3 44. Nf5+ Ke6 45. Kg3 Ke5 46. Kf3 Nc5 47. Nh6 Nxb3 48. Nf7+ Kd4 49. Nd8 Nc5 50. a5 b6 51. axb6 axb6 52. Kf4 Nxe4 53. Nxc6+ Kc5 54.
Ne7 Nd6 55. Ng8 f5 56. Nf6 h6 57. Ng8 h5 58. Nf6 h4 59. Nd7+ Kc6 60. Ne5+ Kd5 61.
Nd3 b5 62. Kg5 h3 63. Nf2 h2 64. Kf4 b4 65. Kg3 Ne4+ 0-1

[Event "*** MasterClass Titled Tuesday Blitz"]
[Site "Chess.com"]
[Date "2017.12.12"]
[Round "2"]
[White "GMKrikor"]
[Black "Kaphrep"]
[Result "0-1"]
[WhiteElo "2642"]
[BlackElo "2594"]
[TimeControl "180+2"]
[EndTime "13:23:22 PST"]
[Termination "Kaphrep won by resignation"]

1. e4 e5 2. Nf3 Nc6 3. Bc4 Bc5 4.
O-O Nf6 5. d3 d6 6. a4 a5 7. c3 h6 8. d4 Bb6 9. dxe5 Nxe5 10.
Nxe5 dxe5 11. Qxd8+ Kxd8 12. Nd2 Ke7 13. Be2 Be6 14. Nc4 Bxc4 15. Bxc4 Nxe4 16. Bd5 Nd6 17. Re1 f6 18. b3 c6 19. Bf3 Rhd8 20. Ba3 Ke6 21.
Rad1 Nf7 22. Bg4+ f5 23. Be2 Kf6 24. Kf1 Ng5 25. f3 Ne6 26. Bc4 Rxd1 27. Rxd1 Rd8 28. Rxd8 Bxd8 29. g3 Be7 30. Bc1 Nc7 31. Ke2 Bc5 32. h3 Ne8 33. Bg8 Ke7 34. Bd2 Nf6 35. Bc4 e4 36. f4 Ne8 37. b4 Bb6 38. Bg8 Nc7 39. c4 Na6 40. bxa5 Bd4 41. Bh7 Kf6 42. g4 g6 43. g5+ Kg7 44. gxh6+ Kxh7 0-1

[Event "*** MasterClass Titled Tuesday Blitz"]
[Site "Chess.com"]
[Date "2017.12.12"]
[Round "2"]
[White "pedromartinez91"]
[Black "inegrepus"]
[Result "1-0"]
[WhiteElo "2182"]
[BlackElo "2028"]
[TimeControl "180+2"]
[EndTime "13:23:23 PST"]
[Termination "pedromartinez91 won by resignation"]

1. e4 c5 2. Nf3 Nc6 3. Bb5 Nf6 4. Qe2 g6 5. e5 Nd5 6. Bxc6 dxc6 7. h3 Bg7 8. d3 O-O 9. O-O b6 10. Nbd2 Nc7 11.
Qe4 Bb7 12. Qh4 Ne6 13. Ne4 Nd4 14. Nxd4 Qxd4 15. Qxe7 Rab8 16. Qh4 Qxe5 17. Bf4 Qxb2 18. Bxb8 Rxb8 19. Rae1 Qxc2 20. Nf6+ Bxf6 21. Qxf6 Rf8 22. Re7 Bc8 23. Rfe1 Qxa2 24. Re8 Be6 25. R1xe6 Qxe6 26. Rxe6 fxe6 27. Qxe6+ Kg7 28. Qxc6 Rf7 29. f3 h6 30. Kf2 Re7 31. h4 Rf7 32. h5 gxh5 33. Kg3 Rf6 34. Qc7+ Kg6 35. Qxa7 Re6 36. Qd7 Rf6 37. Qe8+ Kg7 38. Qxh5 Re6 39. Qd5 Rf6 40. f4 Kg6 41. Kg4 Kg7 42. f5 Rf7 43. Qe5+ Rf6 44.
Kh5 Kf7 45. g4 b5 46. Qxc5 1-0

[Event "*** MasterClass Titled Tuesday Blitz"]
[Site "Chess.com"]
[Date "2017.12.12"]
[Round "2"]
[White "GeorgMeier"]
[Black "johannesh"]
[Result "1-0"]
[WhiteElo "2781"]
[BlackElo "2293"]
[TimeControl "180+2"]
[EndTime "13:23:25 PST"]
[Termination "GeorgMeier won by resignation"]

1. Nf3 Nf6 2. g3 b6 3. Bg2 Bb7 4. O-O g6 5. c4 Bg7 6. Nc3 c5 7. b3 O-O 8. Bb2 d5 9. Nxd5 Nxd5 10. Bxg7 Kxg7 11. cxd5 Bxd5 12. d4 Nd7 13. Rc1 cxd4 14.
Qxd4+ Nf6 15. Rfd1 Rc8 16. Qe5 Rxc1 17. Rxc1 Qd7 18.
Rc7 Qe6 19. Rxe7 Qxe5 20. Nxe5 Bxg2 21. Kxg2 a5 22. Rb7 Nd5 23. f4 Nc3 24. Kf3 Nxa2 25. Rxb6 f6 26. Rb7+ Kg8 27. Nc6 Ra8 28. Ne7+ Kf8 29.
Nd5 Ra6 30. Rxh7 Nc1 31. Rb7 Rd6 32. e4 f5 33. Rb5 Rc6 34. exf5 gxf5 35. Ne3 Rc3 36.
Rxa5 Kg7 37. Rxf5 Nxb3 38. Rd5 Na1 39. Ke4 Nb3 40. h4 Nc5+ 41. Kd4 Rd3+ 42. Kxc5 Rxe3 43. Rg5+ Kf6 44. Kd4 Re1 45. Kd3 Re5 1-0

[Event "*** MasterClass Titled Tuesday Blitz"]
[Site "Chess.com"]
[Date "2017.12.12"]
[Round "2"]
[White "1stSecond"]
[Black "Sam_ChessMood"]
[Result "1-0"]
[WhiteElo "2489"]
[BlackElo "2609"]
[TimeControl "180+2"]
[EndTime "13:23:30 PST"]
[Termination "1stSecond won by resignation"]

1. d4 Nf6 2. c4 e6 3. Nf3 d5 4. g3 dxc4 5. Bg2 c5 6. Na3 cxd4 7.
Nxc4 Nc6 8. O-O Bc5 9. b3 Qe7 10. Nfe5 Nxe5 11. Nxe5 O-O 12. Bb2 Rd8 13. Rc1 Rb8 14.
Rc4 Qd6 15. Qc1 Bb6 16. Qf4 Bd7 17. Bxd4 Bb5 18. Bxb6 Qxb6 19. Rc2 Rbc8 20. Rxc8 Rxc8 21. Bf3 Qc7 22. Rd1 Rd8 23. Rxd8+ Qxd8 24. Kg2 b6 25. a4 Be8 26. Nc4 b5 27. axb5 Bxb5 28. Nd6 Bd7 29. e4 Qe7 30. e5 Ne8 31. Qd4 a6 32. Qb6 g6 33. Qxa6 Kg7 34. b4 Nc7 35. Qb7 Nd5 36. Bxd5 exd5 37. Qxd5 Be6 38. Qf3 Qd7 39. b5 Bh3+ 40. Kg1 Qa7 41. Qf6+ Kg8 42. Qd8+ Kg7 43.
Ne8+ Kf8 44. Nf6+ Kg7 45. Qg8+ Kh6 46. Qxh7+ 1-0